 Dungeon Crawl Stone Soup version 0.29.1-12-g30fa7ad0bf (webtiles) character file.

Game seed: 93388572684527789

5049 KittyFluff the Blocker (level 10, -17/60 HPs)
             Began as a Gargoyle Fighter on Dec 30, 2022.
             Was an Initiate of Trog.
             Demolished by a two-headed ogre
             ... wielding a +0 giant spiked club
              (19 damage)
             ... on level 8 of the Dungeon.
             The game lasted 00:43:23 (10194 turns).

KittyFluff the Blocker (Gargoyle Fighter)          Turns: 10194, Time: 00:43:23

Health: -17/60     AC: 26    Str: 31    XL:     10   Next: 56%
Magic:  10/10      EV: 10    Int:  9    God:    Trog [......]
Gold:   146        SH: 11    Dex:  8    Spells: 9/9 levels left

rFire   + . .      SeeInvis .   a - +0 flail
rCold   . . .      Faith    .   J - +1 buckler of Ydiveph {-Tele rElec rN+ Str+4}
rNeg    + + +      Spirit   .   O - +1 scale mail of Polish {rPois rF+ Str+5 Dex-3}
rPois   ∞          Reflect  +   j - +0 helmet
rElec   +          Harm     .   o - +0 cloak
rCorr   .          Rampage  .   C - +0 pair of gloves
Will    .....      NoTele   +   r - +0 pair of boots
Stlth   ..........              q - amulet of reflection
HPRegen 0.20/turn               z - +4 ring of protection
MPRegen 0.12/turn               H - ring of positive energy

@: mighty
A: sickness immunity, AC +7, negative energy resistance 1, electricity
resistance, torment resistance 1, petrification resistance
a: Renounce Religion


You were on level 8 of the Dungeon.
You worshipped Trog.
Trog was noncommittal.
You visited 2 branches of the dungeon, and saw 9 of its levels.
You also visited: Ossuary.

You collected 407 gold pieces.
You spent 261 gold pieces at shops.

Inventory:

Hand Weapons
 a - a +0 flail (weapon)
 t - a +0 sling
 I - the +3 sling "Nypsa" {freeze, Fragile rPois rN+++ Dex-5}
   (You found it on level 5 of the Dungeon)

   Any ammunition fired from it freezes those it strikes, dealing additional
   cold damage.
   It can also slow down cold-blooded creatures.
   Dex:       It affects your dexterity (-5).
   rPois:     It protects you from poison.
   rN:        It renders you almost immune to negative energy.
   Fragile:   It will be destroyed if unequipped.
 P - a +2 morningstar of freezing
 R - a +2 scimitar of flaming
Missiles
 m - 34 stones (quivered)
 u - 4 javelins
 y - 19 poisoned darts
 L - a curare-tipped dart
 M - 5 boomerangs
Armour
 b - a +0 scale mail
 c - a +0 buckler
 h - a +0 kite shield
 j - a +0 helmet (worn)
 o - a +0 cloak (worn)
 r - a +0 pair of boots (worn)
 C - a +0 pair of gloves (worn)
 J - the +1 buckler of Ydiveph (worn) {-Tele rElec rN+ Str+4}
   (You found it on level 6 of the Dungeon)

   Str:       It affects your strength (+4).
   rElec:     It insulates you from electricity.
   rN:        It protects you from negative energy.
   -Tele:     It prevents most forms of teleportation.
 O - the +1 scale mail of Polish (worn) {rPois rF+ Str+5 Dex-3}
   (You bought it in a shop on level 6 of the Dungeon)

   Str:       It affects your strength (+5).
   Dex:       It affects your dexterity (-3).
   rF:        It protects you from fire.
   rPois:     It protects you from poison.
Jewellery
 q - an amulet of reflection (around neck)
 z - a +4 ring of protection (left hand)
 H - a ring of positive energy (right hand)
 K - a ring of fire
Wands
 p - a wand of flame (11)
 v - a wand of quicksilver (4)
 S - a wand of polymorph (6)
Scrolls
 e - 3 scrolls of vulnerability {unknown}
 f - a scroll of summoning
 g - 2 scrolls of immolation {unknown}
 i - a scroll of fear
 n - 5 scrolls of enchant weapon {unknown}
 s - 4 scrolls of noise
 A - 4 scrolls of amnesia {unknown}
 D - 2 scrolls of blinking {unknown}
 E - a scroll of teleportation {unknown}
 G - a scroll of poison
 Q - a scroll of magic mapping {unknown}
 T - a scroll of brand weapon {unknown}
Potions
 d - 2 potions of might
 k - 3 potions of brilliance
 l - 4 potions of degeneration
 w - 4 potions of lignification
 x - a potion of ambrosia
 B - a potion of curing
 F - 2 potions of mutation
 N - 2 potions of heal wounds


   Skills:
 + Level 6.0 Fighting
 + Level 9.1 Maces & Flails
 + Level 0.2 Throwing
 * Level 8.9 Armour
 + Level 3.0 Dodging
 + Level 1.0 Stealth
 * Level 9.2 Shields


You had 9 spell levels left.
You didn't know any spells.
Your spell library contained the following spells:

 Spells                   Type           Power      Damage    Failure   Level
 Magic Dart               Conj           0%         1d3       65%         1
 Call Imp                 Summ           0%         N/A       80%         2
 Mephitic Cloud           Conj/Pois/Air  0%         N/A       95%         3


Dungeon Overview and Level Annotations

Branches:
Dungeon (8/15)             Temple (1/1) D:6         Ossuary (visited)
   Lair: D:8-11

Altars:
Ashenzari
Cheibriados
Dithmenos
Elyvilon
Fedhas
Gozag
Hepliaklqana
Kikubaaqudgha
Makhleb
Nemelex Xobeh
Okawaru
Qazlal
Ru
Sif Muna
Trog
Uskayaw
Vehumet
Wu Jian
Xom
Yredelemnul
Zin
The Shining One

Shops:
D:2 (   D:6 [

Annotations:
D:5 Dowan; Duvessa
D:7 1 runed translucent door, Crazy Yiuf
D:8 3 runed translucent doors, wormed's ghost, novice GnWn


Innate Abilities, Weirdness & Mutations

You are immune to sickness and miasma.
Your stone body is resilient. (AC +7)
You are immune to poison.
You resist negative energy. (rN+)
You are resistant to electric shocks. (rElec)
You are resistant to unholy torment.
You are immune to petrification.


Message History

You feel a bit more experienced.
Your Fighting skill increases to level 6!
Your Maces & Flails skill increases to level 9!
Your Dodging skill increases to level 3!
Your Shields skill increases to level 9!
Unknown command.
Things that are here:
a +2 scimitar of flaming; a +0 robe You start resting.
HP restored.
You see here a +0 dagger.
There is a stone staircase leading down here.
You climb downwards.
Level annotation: 3 runed translucent doors, wormed's ghost, novice GnWn The two-headed ogre hits you with a +0 giant spiked club.
The two-headed ogre hits you with a +0 giant spiked club!!
There is a stone staircase leading up here.
You sock the two-headed ogre!
The two-headed ogre is moderately wounded.
The two-headed ogre hits you with a +0 giant spiked club.
You block the two-headed ogre's attack.
You sock the two-headed ogre!
The two-headed ogre is heavily wounded.
You sock the two-headed ogre!
The two-headed ogre is severely wounded.
The two-headed ogre hits you with a +0 giant spiked club! x2
* * * LOW HITPOINT WARNING * * *
You feel very mighty all of a sudden.
You barely miss the two-headed ogre.
The two-headed ogre is severely wounded.
The two-headed ogre hits you with a +0 giant spiked club.
* * * LOW HITPOINT WARNING * * *
You block the two-headed ogre's attack.
Wormed's ghost says, "Crushing you to a pulp will hurt a lot.
After that?
Painless!
I promise!"
You barely miss the two-headed ogre.
The two-headed ogre is severely wounded.
The two-headed ogre hits you with a +0 giant spiked club.
* * * LOW HITPOINT WARNING * * *
The two-headed ogre hits you with a +0 giant spiked club!!
You die...

#........##....#..............##
#......!.#....#...............##
#.8...........#..##............#
.......{.........##....8..#.#8..
8.8.8....[.............###...#..
...........##............#...#..
..........###...................
.........##....>O........#......
#.....##.......@..##...#....##..
##.... ##...#.....###..8.#.##8..
##... #...#..#..)))......#....
##.. ###...##..##...#.###.... ##
8.##..##..###..#####....
$Wl#........#...#.......
$$o+...........###......
8_.+...#..)##...#.......
.$$+..##...###......#...


You could see a two-headed ogre, a wyvern, wormed's ghost and an orc.

Vanquished Creatures
  Erica (D:7)
  An efreet (D:8)
  Prince Ribbit (D:6)
  2 wraiths (Ossuary)
  2 yaks (D:7)
  Eustachio (D:6)
  A water moccasin (D:8)
  An acid dragon (D:4)
  A black bear (D:6)
  4 ice beasts
  2 ogres (D:5)
  2 centaurs
  3 bullfrogs (D:7)
  2 kobold brigands
  2 necrophages
  2 scorpions (D:5)
  6 wights
  13 killer bees
  2 howler monkeys
  The ghost of Radix the Gusty, a weakling TeAE (D:3)
  3 jellies
  5 hounds
  2 orc priests
  4 iguanas
  2 orc wizards (D:7)
  A scorpion simulacrum (D:3)
  3 gnolls (D:6)
  4 adders
  2 hound simulacra (D:3)
  2 white imps
  2 ufetubi
  An adder zombie (Ossuary)
  2 worms
  2 dart slugs (D:5)
  2 adder simulacra (D:3)
  20 orcs
  A bat (D:2)
  8 endoplasms
  6 giant cockroaches
  4 goblins
  5 hobgoblins
  5 jackals
  14 kobolds
  2 quokkas
  12 ball pythons
  2 ball python skeletons (Ossuary)
  2 frilled lizards
  2 hobgoblin skeletons (Ossuary)
  A kobold zombie (Ossuary)
  2 orc skeletons (Ossuary)
  An orc zombie (Ossuary)
  A quokka simulacrum (D:3)
  5 rats
180 creatures vanquished.

Vanquished Creatures (others)
  12 fungi
12 creatures vanquished.

Grand Total: 192 creatures vanquished

Notes
Turn   | Place    | Note
-------+----------+-------------------------------------------
     0 | D:1      | KittyFluff the Gargoyle Fighter began the quest for the
                  | Orb.
     0 | D:1      | Reached XP level 1. HP: 14/14 MP: 1/1
   430 | D:1      | Found a faded altar of an unknown god.
   646 | D:1      | Reached XP level 2. HP: 12/19 MP: 2/2
  1214 | D:2      | Reached XP level 3. HP: 22/23 MP: 3/3
  1289 | D:2      | Found Ufoh's Weapon Shoppe.
  1570 | D:2      | Found a snail-covered altar of Cheibriados.
  1657 | D:2      | Reached XP level 4. HP: 18/28 MP: 4/4
  2001 | D:3      | Noticed Radix's ghost (weakling TeAE)
  2101 | D:3      | Found a runed translucent gate.
  2101 | D:3      | Found a runed translucent gate.
  2101 | D:3      | Found a runed translucent gate.
  3066 | D:4      | Reached XP level 5. HP: 27/33 MP: 5/5
  3174 | D:4      | Reached skill level 5 in Armour
  3202 | D:4      | Reached XP level 6. HP: 37/38 MP: 6/6
  3279 | D:4      | Found a blossoming altar of Fedhas.
  3510 | D:4      | Noticed an acid dragon
  3549 | D:4      | Killed an acid dragon
  3778 | D:5      | Entered Level 5 of the Dungeon
  3793 | D:5      | Reached skill level 1 in Dodging
  3793 | D:5      | Reached XP level 7. HP: 43/43 MP: 7/7
  3921 | D:5      | Reached skill level 5 in Maces & Flails
  4068 | D:5      | Identified the +3 sling "Nypsa" {freeze, Fragile rPois
                  | rN+++ Dex-5}
  4096 | D:5      | Noticed Duvessa
  4096 | D:5      | Noticed Dowan
  4860 | D:3      | Reached XP level 8. HP: 34/48 MP: 8/8
  4985 | D:3      | Killed Radix's ghost
  5369 | D:6      | Reached skill level 5 in Shields
  5484 | D:6      | Reached skill level 1 in Stealth
  5494 | D:6      | Identified the +1 buckler of Ydiveph {-Tele rElec rN+
                  | Str+4}
  5496 | D:6      | Noticed Eustachio
  5547 | D:6      | Killed Eustachio
  5692 | D:6      | Found a staircase to the Ecumenical Temple.
  5746 | Temple   | Entered the Ecumenical Temple
  6458 | D:6      | Identified the +5 barding of Ceonok {rElec rF- Will++
                  | rCorr}
  6501 | D:6      | Found Wismixukh's Antique Armour Emporium.
  6600 | D:6      | Reached skill level 5 in Fighting
  6600 | D:6      | Reached XP level 9. HP: 52/54 MP: 9/9
  6610 | D:6      | Bought a heavily runed scale mail for 261 gold pieces
  6610 | D:6      | Identified the +1 scale mail of Polish {rPois rF+ Str+5
                  | Dex-3} (You bought it in a shop on level 6 of the Dungeon)
  6687 | D:6      | Noticed Prince Ribbit
  6713 | D:6      | Killed Prince Ribbit
  6977 | D:7      | Found a runed translucent door.
  6978 | D:7      | Noticed Crazy Yiuf
  7822 | D:7      | Found a glowing silver altar of Zin.
  7822 | D:7      | Found a bloodstained altar of Trog.
  7839 | D:7      | Became a worshipper of Trog the Wrathful
  8130 | D:8      | Found a runed translucent gate.
  8130 | D:8      | Found a runed translucent gate.
  8130 | D:8      | Found an opulent altar of Gozag.
  8198 | D:8      | Found a runed translucent gate.
  8202 | D:8      | Found a sand-covered staircase.
  8263 | Ossuary  | Entered an ossuary
  8933 | D:7      | Reached XP level 10. HP: 30/60 MP: 10/10
  9196 | D:8      | Noticed wormed's ghost (novice GnWn)
  9586 | D:8      | Found a radiant altar of Vehumet.
  9586 | D:8      | Found an ornate altar of the Wu Jian Council.
  9840 | D:8      | Noticed Erica
  9973 | D:8      | Noticed a two-headed ogre
 10091 | D:7      | Killed Erica
 10193 | D:8      | HP: 3/60 [two-headed ogre/+0 giant spiked club (5)]
 10194 | D:8      | Demolished by a two-headed ogre

Illustrated notes

Levels and vault maps discovered:
D:1:      scummos_arrival_hexagon, layout_basic,
          dreamdust_ecumenical_altar_statues
D:2:      layout_loops_ring, serial_shops, nicolae_shop_bloodbath_and_beyond,
          basic_altar, minmay_shallow_snake_nest
D:3:      layout_basic, gammafunk_ghost_icy, serial_park_tiny_2
D:4:      minmay_chambers_of_fours, layout_loops_ring,
          mainiacjoe_overflow_six_doors_small,
          amcnicky_mini_rare_corridor_liquid, minmay_misc_feat_hallway,
          hangedman_abyss_or_decor_stagger
D:5:      minmay_opposing_rooms, layout_loops_cross, uniq_duvessa
D:6:      layout_rooms, minmay_temple_entry_large_hall, serial_shops,
          nicolae_inconvenience_store, chequers_serial_rivers_small_a,
          dreamdust_gnoll_farm, uniq_prince_ribbit1, uniq_eustachio
D:7:      layout_loops_ring, nicolae_overflow_squiral, uniq_crazy_yiuf_cottage
D:8:      layout_cave_pools, nicolae_overflow_two_pavilions,
          serial_column_ruins, column_ruins_square_large, column_ruins_hut,
          column_ruins_corridor_corner, column_ruins_columns_T,
          column_ruins_grid_1, ebering_ghost_gozag,
          lightli_ossuary_entry_decrepit_ruins, small_chamber_with_monster,
          uniq_maggie, uniq_erica
Temple:   minmay_crystal_spiral_temple

Skill      XL: |  1  2  3  4  5  6  7  8  9 10 |
---------------+-------------------------------+-----
Armour         | 4 5 6 7 8 |  8.9
Maces & Flails | 3 4 5 6 8 9 |  9.1
Shields        | 4 6 7 9 |  9.2
Fighting       | 4 5 6 |  6.0
Dodging        | 1 2 3 |  3.0
Stealth        | 1 |  1.0
Throwing       | |  0.2

Action                   |  1- 3 |  4- 6 |  7- 9 | 10-12 || total
-------------------------+-------+-------+-------+-------++-------
Melee: Flail             |   108 |   171 |   541 |   162 ||   982
Throw: Stone             |     1 |     7 |    14 |       ||    22
  Use: Scroll            |     1 |     4 |     5 |     1 ||    11
       Potion            |       |       |       |     3 ||     3
Armor: Scale mail        |    69 |    66 |   268 |    93 ||   496
Dodge: Dodged            |    52 |    55 |   207 |    73 ||   387
Block: Buckler           |    17 |    68 |   305 |   123 ||   513
       Reflection        |       |       |     4 |       ||     4
